 Dungeon Crawl Stone Soup version 0.28-a0-503-g83f2989fac (webtiles) character file.

Game seed: 17091950806243023654

82 Borgoz the Slasher (level 4, -1/40 HPs)
             Began as a Hill Orc Monk on Sept 20, 2021.
             Slain by an adder (4 damage)
             ... on level 3 of the Dungeon.
             The game lasted 00:02:56 (2563 turns).

Borgoz the Slasher (Hill Orc Monk)                  Turns: 2563, Time: 00:02:56

Health: -1/40      AC:  2    Str: 14    XL:     4   Next: 43%
Magic:  4/4        EV: 13    Int: 10    God:
Gold:   92         SH:  0    Dex: 13    Spells: 3/3 levels left

rFire   . . .      SeeInvis .   a - +0 falchion
rCold   . . .      Faith    .   (no shield)
rNeg    . . .      Spirit   .   b - +0 robe
rPois   .          Reflect  .   (no helmet)
rElec   .          Harm     .   (no cloak)
rCorr   .          Rampage  .   (no gloves)
Will    .....                   (no boots)
Stlth   ++........              (no amulet)
HPRegen 0.13/turn               (no ring)
MPRegen 0.09/turn               (no ring)

@: lethally poisoned (-1 -> -4)
A: no striking features
a: no special abilities


You were on level 3 of the Dungeon.
You visited 1 branch of the dungeon, and saw 3 of its levels.

You collected 144 gold pieces.
You spent 52 gold pieces at shops.

Inventory:

Hand Weapons
 a - a +0 falchion (weapon)
Armour
 b - a +0 robe (worn)
Scrolls
 c - a scroll of amnesia {unknown}
 e - a scroll of torment {unknown}
 f - a scroll of teleportation {unknown}
 g - a scroll of magic mapping {unknown}
Potions
 h - a potion of resistance {unknown}


   Skills:
 + Level 4.1 Fighting
 * Level 4.2 Long Blades
 + Level 1.3 Armour
 * Level 3.1 Dodging
 - Level 1.6 Stealth


You had 3 spell levels left.
You didn't know any spells.
Your spell library was empty.

Dungeon Overview and Level Annotations

Branches:
Dungeon (3/15)

Altars:
Vehumet

Shops:
D:1 (   D:2 **[*

Annotations:
D:2 Natasha


Message History

You hit the worm but do no damage.
The worm is moderately wounded.
You hit the worm.
The worm is moderately wounded.
The worm misses you.
You hit the worm.
The worm is heavily wounded.
The adder closely misses you. The worm bites you.
You barely miss the worm.
The worm is heavily wounded.
The adder bites you.
You hit the worm.
The worm is severely wounded.
The adder barely misses you. The worm barely misses you.
The adder completely misses you.
You barely miss the worm.
The worm is severely wounded.
The adder barely misses you.
You slash the worm!
You kill the worm!
The adder bites you.
* * * LOW HITPOINT WARNING * * *
You hit the adder.
The adder is moderately wounded.
The adder bites you.
* * * LOW HITPOINT WARNING * * *
The adder bites you but does no damage.
You miss the adder.
The adder is moderately wounded.
The adder barely misses you.
You barely miss the adder.
The adder is moderately wounded.
The adder bites you but does no damage.
You barely miss the adder.
The adder is moderately wounded.
The adder bites you.
* * * LOW HITPOINT WARNING * * *
You are lethally poisoned!
The adder poisons you! The adder bites you.
You die...

#..# #..#
##### #..#
#... #..###(#
#......#######
##.##.........
#<###.######
#.###S##
#.....@#
#####.[# .....
#.#..## #.#...
# #..# #..#
#..#


You could see an adder.

Vanquished Creatures
  Natasha (twice) (D:2)
  An adder (D:2)
  A worm (D:3)
  A dart slug (D:1)
  An endoplasm (D:1)
  2 hobgoblins
  3 jackals (D:2)
  2 frilled lizards (D:1)
  3 goblins
  5 rats
21 creatures vanquished.

Notes
Turn   | Place    | Note
-------+----------+-------------------------------------------
     0 | D:1      | Borgoz the Hill Orc Monk began the quest for the Orb.
     0 | D:1      | Reached XP level 1. HP: 19/19 MP: 1/1
   167 | D:1      | Found Ohaoqec's Weapon Emporium.
   494 | D:1      | Reached XP level 2. HP: 24/27 MP: 2/2
  1094 | D:2      | Found Melemola's Assorted Antiques.
  1102 | D:2      | Bought a scroll labelled YMU UCADEPUTATS for 26 gold pieces
  1102 | D:2      | Bought a scroll labelled MAFOICUDEEL for 26 gold pieces
  1176 | D:2      | Found a faded altar of an unknown god.
  1358 | D:2      | Found Xifaorum's Assorted Antiques.
  1361 | D:2      | Found a radiant altar of Vehumet.
  1395 | D:2      | Found Vinahet's General Store.
  1417 | D:2      | Reached XP level 3. HP: 21/33 MP: 3/3
  1533 | D:2      | Noticed Natasha
  1546 | D:2      | Killed Natasha
  1547 | D:2      | Reached skill level 1 in Armour
  1972 | D:2      | Found Zaduttab's Antique Armour Shop.
  2001 | D:2      | Noticed Natasha
  2009 | D:2      | Killed Natasha
  2010 | D:2      | Reached XP level 4. HP: 33/40 MP: 4/4
  2166 | D:2      | Noticed Natasha
  2563 | D:3      | Slain by an adder

Illustrated notes

Levels and vault maps discovered:
D:1:      dpeg_arrival_rhombi, layout_basic, serial_shops, shop
D:2:      layout_loops_corners, serial_shops, shop,
          nicolae_shop_overgrown_old_shop, shop, nicolae_diamond_shop,
          hellmonk_ecumenical_altar_dog_temple, basic_altar, uniq_natasha
D:3:      layout_loops_ring, cheibrodos_sewer_entry_drain

Skill      XL: |  1  2  3 |
---------------+----------+-----
Fighting       | 4 |  4.1
Long Blades    | 4 |  4.2
Armour         | 1 |  1.3
Dodging        | 3 |  3.1
Stealth        | |  1.6

Action                   |  1- 3 |  4- 6 || total
-------------------------+-------+-------++-------
Melee: Falchion          |    84 |    24 ||   108
  Use: Potion            |       |     1 ||     1
 Stab: Sleeping          |     3 |       ||     3
Armor: Robe              |    16 |     2 ||    18
Dodge: Dodged            |    60 |    14 ||    74

Table legend: (Time is in decaauts)
 A = Elapsed time spent in this place.
 B = Non-inter-level travel time spent in this place.
 C = Inter-level travel time spent in this place.
 D = Time resting spent in this place.
 E = Time spent auto-exploring this place.
 F = Levels seen in this place.
 G = Mean time per level.
                   A        B        C        D        E       F      G
               +--------+--------+--------+--------+--------+-----+--------+
         Total |   2563 |   2417 |    146 |    334 |   1815 |   3 |  854.3 |
       Dungeon |   2563 |   2417 |    146 |    334 |   1815 |   3 |  854.3 |
               +--------+--------+--------+--------+--------+-----+--------+

Top non-repeatable levels by time:
     D:1: 1357 daAuts
     D:2: 1174 daAuts
     D:3: 31 daAuts
